A+ EAST
WINSTON-SALEM DASH @ GREENSBORO GRASSHOPPERS
09/22/2041
 
TOP OF THE 1ST
Winston-Salem Dash batting - Pitching for Greensboro Grasshoppers : LHP Ben Hannah
Pitching: LHP Ben Hannah
Batting: RHB Sergio Rodríguez 0-0: Called Strike
0-1: Foul Ball, location: 5FF
0-2: Ball
1-2: Ball
2-2: Strikes out swinging
Batting: RHB José Solís 0-0: Ball
1-0: Ground out 3-1 (Groundball, 34, EV 91.3 MPH)
Batting: RHB Joe Young 0-0: Called Strike
0-1: Swinging Strike
0-2: Foul Ball, location: 7LDF
0-2: Strikes out swinging
Top of the 1st over - 0 runs, 0 hits, 0 errors, 0 left on base; Winston-Salem 0 - Greensboro 0
BOTTOM OF THE 1ST
Greensboro Grasshoppers batting - Pitching for Winston-Salem Dash : RHP Luis Ortíz
Pitching: RHP Luis Ortíz
Batting: RHB Wes MacMartin 0-0: Called Strike
0-1: Foul Ball, location: 9LDF
0-2: Ground out 6-3 (Groundball, 56, EV 106.9 MPH)
Batting: RHB Pepe Bañuelos 0-0: Ball
1-0: Ball
2-0: Called Strike
2-1: Called Strike
2-2: Strikes out looking
Batting: SHB Bob Vélez 0-0: Foul Ball, location: 5SF
0-1: Swinging Strike
0-2: Strikes out looking
Bottom of the 1st over - 0 runs, 0 hits, 0 errors, 0 left on base; Winston-Salem 0 - Greensboro 0
TOP OF THE 2ND
Winston-Salem Dash batting - Pitching for Greensboro Grasshoppers : LHP Ben Hannah
Batting: RHB José García 0-0: Ball
1-0: SOLO HOME RUN (Flyball, 9D, EV 98.8 MPH), Distance : 406 ft
Batting: LHB Jeff Ferguson 0-0: Called Strike
0-1: Fly out, F8 (Flyball, 78S, EV 75.0 MPH)
Batting: RHB Raúl Pérez 0-0: Called Strike
0-1: Called Strike
0-2: Ball
1-2: Strikes out swinging
Batting: LHB Lúcio Aguilar 0-0: Ball
1-0: Called Strike
1-1: Ball
2-1: Foul Ball, location: 3DF
2-2: Strikes out looking
Top of the 2nd over - 1 run, 1 hit, 0 errors, 0 left on base; Winston-Salem 1 - Greensboro 0
BOTTOM OF THE 2ND
Greensboro Grasshoppers batting - Pitching for Winston-Salem Dash : RHP Luis Ortíz
Batting: RHB António Páez 0-0: SINGLE (Line Drive, 89S, EV 96.9 MPH)
Batting: RHB Derek Adams 0-0: Called Strike
0-1: Ball
1-1: Foul Ball, location: 3DF
1-2: Strikes out looking
Batting: RHB Kevin Bauer 0-0: Ball
1-0: Foul Ball, location: 2F
1-1: Foul Ball, location: 2F
1-2: Foul Ball, location: 23F
1-2: Grounds into double play, 4-6-3 (Groundball, 4, EV 80.6 MPH)
Bottom of the 2nd over - 0 runs, 1 hit, 0 errors, 0 left on base; Winston-Salem 1 - Greensboro 0
TOP OF THE 3RD
Winston-Salem Dash batting - Pitching for Greensboro Grasshoppers : LHP Ben Hannah
Batting: RHB Rod Lindner 0-0: Fly out, F9 (Flyball, 9, EV 93.8 MPH)
Batting: RHB Steve Tapley 0-0: Swinging Strike
0-1: Ball
1-1: Ball
2-1: Foul Ball, location: 23F
2-2: Ball
3-2: Foul Ball, location: 5DF
3-2: Foul Ball, location: 2F
3-2: Foul Ball, location: 3F
3-2: SINGLE (Groundball, 34D, EV 101.3 MPH)
Batting: RHB Sergio Rodríguez 0-0: Foul Ball, location: 9LDF
0-1: Ball
1-1: Ball
2-1: Ball
3-1: Base on Balls
Steve Tapley to second
Batting: RHB José Solís 0-0: Foul Ball, location: 9LSF
0-1: Ball
1-1: Ball
2-1: Foul Ball, location: 2F
2-2: Foul Ball, location: 25F
2-2: TRIPLE (Flyball, 89XD, EV 88.1 MPH)
Steve Tapley scores
Sergio Rodríguez scores
Batting: RHB Joe Young 0-0: Foul Ball, location: 5DF
0-1: Foul Ball, location: 2F
0-2: Ball
1-2: DOUBLE (Line Drive, 89XD, EV 107.5 MPH)
José Solís scores
Batting: RHB José García 0-0: Called Strike
0-1: Ball
1-1: Ball
2-1: Called Strike
2-2: Ground out 6-3 (Groundball, 6, EV 90.0 MPH)
Batting: LHB Jeff Ferguson 0-0: Called Strike
0-1: Swinging Strike
0-2: Ball
1-2: Ball
2-2: Foul Ball, location: 2F
2-2: Hit by Pitch
Batting: RHB Raúl Pérez 0-0: Foul Ball, location: 25F
0-1: Foul Ball, location: 2F
0-2: Strikes out looking
Top of the 3rd over - 3 runs, 3 hits, 0 errors, 2 left on base; Winston-Salem 4 - Greensboro 0
BOTTOM OF THE 3RD
Greensboro Grasshoppers batting - Pitching for Winston-Salem Dash : RHP Luis Ortíz
Batting: LHB Carl Reader 0-0: Ball
1-0: Swinging Strike
1-1: Called Strike
1-2: Strikes out swinging
Batting: RHB Chris Parkinson 0-0: Called Strike
0-1: Ball
1-1: Ball
2-1: Swinging Strike
2-2: Ball
3-2: Strikes out looking
Batting: RHB Luis Cuestas 0-0: Called Strike
0-1: Called Strike
0-2: Ball
1-2: Strikes out looking
Bottom of the 3rd over - 0 runs, 0 hits, 0 errors, 0 left on base; Winston-Salem 4 - Greensboro 0
TOP OF THE 4TH
Winston-Salem Dash batting - Pitching for Greensboro Grasshoppers : LHP Ben Hannah
Batting: LHB Lúcio Aguilar 0-0: Ball
1-0: Fly out, F7 (Flyball, 7D, EV 96.3 MPH)
Batting: RHB Rod Lindner 0-0: Ball
1-0: Ball
2-0: Called Strike
2-1: Ground out 6-3 (Groundball, 6, EV 77.5 MPH)
Batting: RHB Steve Tapley 0-0: Called Strike
0-1: Foul Ball, location: 2F
0-2: Strikes out swinging
Top of the 4th over - 0 runs, 0 hits, 0 errors, 0 left on base; Winston-Salem 4 - Greensboro 0
BOTTOM OF THE 4TH
Greensboro Grasshoppers batting - Pitching for Winston-Salem Dash : RHP Luis Ortíz
Batting: RHB Wes MacMartin 0-0: Called Strike
0-1: Ground out 6-3 (Groundball, 56, EV 84.4 MPH)
Batting: RHB Pepe Bañuelos 0-0: Ball
1-0: Foul Ball, location: 9LMF
1-1: Swinging Strike
1-2: Strikes out swinging
Batting: SHB Bob Vélez 0-0: Called Strike
0-1: Foul Ball, location: 3F
0-2: Strikes out swinging
Bottom of the 4th over - 0 runs, 0 hits, 0 errors, 0 left on base; Winston-Salem 4 - Greensboro 0
TOP OF THE 5TH
Winston-Salem Dash batting - Pitching for Greensboro Grasshoppers : LHP Ben Hannah
Batting: RHB Sergio Rodríguez 0-0: Fly out, F7 (Flyball, 7, EV 81.9 MPH)
Batting: RHB José Solís 0-0: SINGLE (Groundball, 6MS, EV 65.6 MPH) (infield hit)
Batting: RHB Joe Young 0-0: Ball
1-0: Called Strike
1-1: Ball
2-1: Foul Ball, location: 9LMF
2-2: Ball
3-2: Foul Ball, location: 3FF
3-2: Fly out, F4 (Popup, 4, EV 61.9 MPH)
Batting: RHB José García 0-0: Called Strike
José Solís steals 2nd base
0-1: Foul Ball, location: 9LSF
0-2: Ball
1-2: 2-RUN HOME RUN (Line Drive, 7D, EV 98.1 MPH), Distance : 372 ft
Pitching: RHP Kevin Mickens
Batting: LHB Jeff Ferguson 0-0: Fly out, F9 (Line Drive, 8RM, EV 95.0 MPH)
Top of the 5th over - 2 runs, 2 hits, 0 errors, 0 left on base; Winston-Salem 6 - Greensboro 0
BOTTOM OF THE 5TH
Greensboro Grasshoppers batting - Pitching for Winston-Salem Dash : RHP Luis Ortíz
Batting: RHB António Páez 0-0: Called Strike
0-1: Called Strike
0-2: Ball
1-2: Ball
2-2: Foul Ball, location: 5SF
2-2: Ball
3-2: Foul Ball, location: 2F
3-2: Foul Ball, location: 7LSFF
3-2: Foul Ball, location: 5FF
3-2: Foul Ball, location: 5F
3-2: Base on Balls
Batting: RHB Derek Adams 0-0: Ball
1-0: Ball
2-0: Ball
3-0: Called Strike
3-1: Foul Ball, location: 7LDF
3-2: Strikes out swinging
Batting: RHB Kevin Bauer 0-0: Ball
1-0: Called Strike
1-1: Fly out, F4 (Popup, 4MD, EV 45.6 MPH)
Batting: LHB Carl Reader 0-0: Foul Ball, location: 5DF
0-1: Fly out, F9 (Flyball, 89M, EV 93.8 MPH)
Bottom of the 5th over - 0 runs, 0 hits, 0 errors, 1 left on base; Winston-Salem 6 - Greensboro 0
TOP OF THE 6TH
Winston-Salem Dash batting - Pitching for Greensboro Grasshoppers : RHP Kevin Mickens
Batting: RHB Raúl Pérez 0-0: Foul Ball, location: 9LSF
0-1: Swinging Strike
0-2: Strikes out swinging
Batting: LHB Lúcio Aguilar 0-0: Ball
1-0: SINGLE (Groundball, 56D, EV 93.8 MPH)
Batting: RHB Rod Lindner 0-0: Ball
1-0: Swinging Strike
1-1: Ball
2-1: Swinging Strike
2-2: Strikes out swinging
Batting: RHB Steve Tapley 0-0: Called Strike
0-1: Called Strike
0-2: Foul Ball, location: 2F
0-2: Foul Ball, location: 25FF
0-2: Ball
1-2: Ball
2-2: Fielders Choice at 2nd, 5-4 (Groundball, 5D, EV 102.5 MPH)
Top of the 6th over - 0 runs, 1 hit, 0 errors, 1 left on base; Winston-Salem 6 - Greensboro 0
BOTTOM OF THE 6TH
Greensboro Grasshoppers batting - Pitching for Winston-Salem Dash : RHP Luis Ortíz
Batting: RHB Chris Parkinson 0-0: Ball
1-0: Foul Ball, location: 9LMF
1-1: Foul Ball, location: 7LMF
1-2: Strikes out swinging, 2-3 out at first.
Batting: RHB Luis Cuestas 0-0: Ball
1-0: Swinging Strike
1-1: SINGLE (Groundball, 6MD, EV 94.4 MPH)
Batting: RHB Wes MacMartin 0-0: Grounds into double play, 5-4-3 (Groundball, 56S, EV 86.9 MPH)
Bottom of the 6th over - 0 runs, 1 hit, 0 errors, 0 left on base; Winston-Salem 6 - Greensboro 0
TOP OF THE 7TH
Winston-Salem Dash batting - Pitching for Greensboro Grasshoppers : RHP Kevin Mickens
Batting: RHB Sergio Rodríguez 0-0: Foul Ball, location: 2F
0-1: Ball
1-1: Ball
2-1: Ball
3-1: Base on Balls
Batting: RHB José Solís 0-0: Called Strike
Sergio Rodríguez steals 2nd base
0-1: Ball
1-1: Foul Ball, location: 2LF
1-2: Ball
2-2: DOUBLE (Flyball, 8RXD, EV 110.0 MPH)
Sergio Rodríguez scores
Batting: RHB Joe Young 0-0: Ball
1-0: Ball
2-0: Swinging Strike
2-1: Foul Ball, location: 23F
2-2: Ball
3-2: Ground out 5-3 (Groundball, 56, EV 83.8 MPH)
Batting: RHB José García 0-0: Foul Ball, location: 2F
0-1: Ball
1-1: Ball
2-1: Called Strike
2-2: Ball
3-2: Base on Balls
Batting: LHB Jeff Ferguson 0-0: Called Strike
0-1: Ball
1-1: Ball
2-1: Foul Ball, location: 2F
2-2: Ball
3-2: Base on Balls
José Solís to third
José García to second
Batting: RHB Raúl Pérez 0-0: Called Strike
0-1: Foul Ball, location: 2F
0-2: Ball
1-2: Ball
2-2: Ball
3-2: Foul Ball, location: 3F
3-2: Strikes out swinging
Batting: LHB Lúcio Aguilar 0-0: Called Strike
0-1: Ground out 4-3 (Groundball, 34, EV 93.8 MPH)
Top of the 7th over - 1 run, 1 hit, 0 errors, 3 left on base; Winston-Salem 7 - Greensboro 0
BOTTOM OF THE 7TH
Greensboro Grasshoppers batting - Pitching for Winston-Salem Dash : RHP Luis Ortíz
Batting: RHB Pepe Bañuelos 0-0: Ball
1-0: Called Strike
1-1: Ball
2-1: Called Strike
2-2: Foul Ball, location: 2RF
2-2: Foul Ball, location: 5FF
2-2: Ball
3-2: Strikes out looking
Batting: SHB Bob Vélez 0-0: Called Strike
0-1: Ball
1-1: Swinging Strike
1-2: Strikes out swinging
Batting: RHB António Páez 0-0: Called Strike
0-1: Ball
1-1: Ball
2-1: Foul Ball, location: 2F
2-2: Ground out 5-3 (Groundball, 56S, EV 80.6 MPH)
Bottom of the 7th over - 0 runs, 0 hits, 0 errors, 0 left on base; Winston-Salem 7 - Greensboro 0
TOP OF THE 8TH
Winston-Salem Dash batting - Pitching for Greensboro Grasshoppers : RHP Kevin Mickens
Batting: RHB Rod Lindner 0-0: Fly out, F3 (Popup, 3SF, EV 83.1 MPH)
Batting: RHB Steve Tapley 0-0: Called Strike
0-1: Ball
1-1: Ball
2-1: Ball
3-1: Base on Balls
Batting: RHB Sergio Rodríguez 0-0: Ball
1-0: Swinging Strike
1-1: Swinging Strike
1-2: Fly out, F9 (Flyball, 89M, EV 93.8 MPH)
Batting: RHB José Solís 0-0: Ball
1-0: Ball
2-0: Ball
3-0: Base on Balls
Steve Tapley to second
Batting: RHB Joe Young 0-0: Ball
1-0: Called Strike
1-1: Ball
2-1: Ball
3-1: Base on Balls
Steve Tapley to third
José Solís to second
Batting: RHB José García 0-0: Ball
1-0: Foul Ball, location: 5FF
1-1: Ball
2-1: Ball
3-1: Base on Balls
Steve Tapley scores
José Solís to third
Joe Young to second
Batting: LHB Jeff Ferguson 0-0: Ball
1-0: Fly out, F7 (Flyball, 7LMF, EV 98.1 MPH)
Top of the 8th over - 1 run, 0 hits, 0 errors, 3 left on base; Winston-Salem 8 - Greensboro 0
BOTTOM OF THE 8TH
Greensboro Grasshoppers batting - Pitching for Winston-Salem Dash : RHP Luis Ortíz
Batting: RHB Derek Adams 0-0: Called Strike
0-1: Called Strike
0-2: Ball
1-2: Ball
2-2: SINGLE (Line Drive, 89M, EV 100.6 MPH)
Batting: RHB Kevin Bauer 0-0: Called Strike
0-1: Called Strike
0-2: Ball
1-2: Foul Ball, location: 5F
1-2: Strikes out looking
Batting: LHB Carl Reader 0-0: Fly out, F8 (Flyball, 8RD, EV 110.0 MPH)
Batting: RHB Chris Parkinson 0-0: Ball
1-0: Called Strike
1-1: Fielders Choice at 2nd, 6-4 (Groundball, 56, EV 100.6 MPH)
Bottom of the 8th over - 0 runs, 1 hit, 0 errors, 1 left on base; Winston-Salem 8 - Greensboro 0
TOP OF THE 9TH
Winston-Salem Dash batting - Pitching for Greensboro Grasshoppers : RHP Kevin Mickens
Pitching: RHP Jorge Montero
Batting: RHB Raúl Pérez 0-0: Swinging Strike
0-1: Ball
1-1: Foul Ball, location: 2F
1-2: Strikes out swinging
Batting: LHB Lúcio Aguilar 0-0: Swinging Strike
0-1: Ball
1-1: Swinging Strike
1-2: Ball
2-2: Ball
3-2: Fly out, F7 (Flyball, 78S, EV 87.5 MPH)
Batting: RHB Rod Lindner 0-0: Called Strike
0-1: Ball
1-1: Swinging Strike
1-2: Strikes out looking
Top of the 9th over - 0 runs, 0 hits, 0 errors, 0 left on base; Winston-Salem 8 - Greensboro 0
BOTTOM OF THE 9TH
Greensboro Grasshoppers batting - Pitching for Winston-Salem Dash : RHP Luis Ortíz
Pinch Hitting: LHB Andre Vigil Jr. 0-0: Foul Ball, location: 3FF
0-1: Swinging Strike
0-2: Ground out 1-3 (Groundball, 13S, EV 74.4 MPH)
Batting: RHB Wes MacMartin 0-0: Fly out, F7 (Flyball, 78M, EV 90.0 MPH)
Batting: RHB Pepe Bañuelos 0-0: Called Strike
0-1: Swinging Strike
0-2: Ball
1-2: Ball
2-2: SINGLE (Groundball, 4D, EV 101.9 MPH)
Batting: SHB Bob Vélez 0-0: Swinging Strike
0-1: Called Strike
0-2: Foul Ball, location: 9LDF
0-2: Ball
1-2: Ball
2-2: Ball
3-2: 2-RUN HOME RUN (Flyball, 9D, EV 100.0 MPH), Distance : 404 ft
Batting: RHB António Páez 0-0: Ball
1-0: SOLO HOME RUN (Line Drive, 78XD, EV 102.5 MPH), Distance : 415 ft
Batting: RHB Derek Adams 0-0: Called Strike
0-1: SINGLE (Line Drive, 9S, EV 86.3 MPH)
Pitching: RHP Orlando García
Batting: RHB Kevin Bauer 0-0: Called Strike
0-1: Foul Ball, location: 3SF
0-2: Strikes out swinging
Bottom of the 9th over - 3 runs, 4 hits, 0 errors, 1 left on base; Winston-Salem 8 - Greensboro 3
Monday, April 1st , 2024 - OOTP Baseball 24.10 Build 82